 Dungeon Crawl Stone Soup version 0.28.0 (webtiles) character file.

Game seed: 3524130104153446711

139601 pkoi the Grappler (level 16, -14/132 HPs)
             Began as a Grey Draconian Air Elementalist on Feb 17, 2022.
             Was a High Priest of Sif Muna.
             Killed from afar by a shock serpent (20 damage)
             ... with a bolt of electricity
             ... on level 4 of the Snake Pit.
             The game lasted 01:09:38 (38654 turns).

pkoi the Grappler (DrAE)                           Turns: 38654, Time: 01:09:39

Health: -14/132    AC: 19    Str: 13    XL:     16   Next: 74%
Magic:  21/47      EV: 14    Int: 22    God:    Sif Muna [*****.]
Gold:   2747       SH:  0    Dex: 10    Spells: 12/33 levels left

rFire   + . .      SeeInvis +   z - +11 dagger of Gonaor {flame, rPois MP+9 Dex+4 SInv}
rCold   . . .      Faith    .   (no shield)
rNeg    . . .      Spirit   .   (armour unavailable)
rPois   +          Reflect  .   (helmet restricted)
rElec   .          Harm     .   r - +0 cloak "Ihash" {Rampage Drain +Inv Regen+}
rCorr   .          Rampage  +   d - +3 pair of gauntlets of War {Slay+5}
Will    ++...                   (no boots)
Stlth   ++........              E - amulet "Obruac" {RegenMP Fly Will+ Dex-5}
HPRegen 1.12/turn               a - ring of magical power
MPRegen 0.70/turn               o - ring of protection from fire

@: flying, studying 2 skills
A: AC +14, amphibious, unfitting armour, cold-blooded
a: Renounce Religion, Evoke Invisibility, Channel Magic, Forget Spell, Divine
Exegesis


You were on level 4 of the Snake Pit.
You worshipped Sif Muna.
Sif Muna was extremely pleased with you.
You visited 5 branches of the dungeon, and saw 25 of its levels.
You also visited: Bailey and Gauntlet.

You collected 4021 gold pieces.
You spent 1274 gold pieces at shops.

Inventory:

Hand Weapons
 l - the +9 staff of Wucad Mu {*channel}
   (You acquired it on level 4 of the Lair of Beasts)

   It occasionally powers its wielder's spells, but with a chance of causing
   confusion or draining the wielder's intelligence.
   It becomes more likely to activate and less likely to backfire with increased
   Evocations skill.
 z - the +11 dagger of Gonaor (weapon) {flame, rPois MP+9 Dex+4 SInv}
   (You found it on level 5 of the Dungeon)

   It burns those it strikes, dealing additional fire damage.
   Dex:       It affects your dexterity (+4).
   rPois:     It protects you from poison.
   MP:        It affects your magic capacity (+9).
   SInv:      It lets you see invisible.
Missiles
 j - a throwing net
Armour
 d - the +3 pair of gauntlets of War (worn) {Slay+5}
   (You acquired it on level 6 of the Dungeon)

   Slay:      It affects your accuracy & damage with ranged weapons and melee
   (+5).
 r - the +0 cloak "Ihash" (worn) {Rampage Drain +Inv Regen+}
   (You bought it in a shop on level 1 of the Dungeon)

   +Inv:      It lets you turn invisible.
   Regen:     It increases your rate of health regeneration.
   Drain:     It drains your maximum health when unequipped.
   Rampage:   It bestows one free step when moving towards enemies.
Jewellery
 a - a ring of magical power (left hand)
 i - a ring of positive energy
 o - a ring of protection from fire (right hand)
 v - a ring of protection from cold
 B - a +4 ring of evasion
 E - the amulet "Obruac" (around neck) {RegenMP Fly Will+ Dex-5}
   (You acquired it on level 12 of the Dungeon)

   [amulet of magic regeneration]

   It increases your rate of magic regeneration.
   Dex:       It affects your dexterity (-5).
   Fly:       It grants you flight.
   Will:      It increases your willpower.
 G - a ring of resist corrosion
Wands
 h - a wand of iceblast (39)
 t - a wand of paralysis (26)
 y - a wand of flame (49)
 J - a wand of polymorph (15)
 O - a wand of digging (7)
Scrolls
 b - a scroll of holy word
 e - 4 scrolls of blinking
 g - a scroll of brand weapon
 k - 7 scrolls of fear
 q - a scroll of summoning
 w - 8 scrolls of amnesia
 C - 6 scrolls of teleportation
 F - 3 scrolls of identify
 K - 3 scrolls of fog
 L - a scroll of enchant weapon
Potions
 c - 7 potions of curing
 f - 4 potions of haste
 m - 2 potions of ambrosia
 p - 3 potions of magic
 s - 2 potions of resistance
 u - a potion of berserk rage
 x - 5 potions of heal wounds
 A - a potion of might
 D - 3 potions of brilliance
 H - 2 potions of invisibility
 I - a potion of cancellation


   Skills:
 - Level 9.3 Fighting
 - Level 2.3 Staves
 - Level 9.0 Dodging
 - Level 1.7 Stealth
 + Level 13.5 Unarmed Combat
 - Level 9.0 Spellcasting
 - Level 3.3 Conjurations
 - Level 3.0 Translocations
 + Level 10.3 Transmutations
 - Level 9.0 Ice Magic
 + Level 13.0 Air Magic
 - Level 9.0 Invocations
 - Level 6.8 Evocations


You had 12 spell levels left.
You knew the following spells:

 Your Spells              Type           Power      Damage    Failure   Level
a - Shock                 Conj/Air       100%       1d9       1%          1
b - Swiftness             Air            61%        N/A       1%          3
c - Airstrike             Air            30%        N/A       1%          4
d - Apportation           Tloc           46%        N/A       1%          1
e - Static Discharge      Conj/Air       46%        N/A       1%          2
f - Frozen Ramparts       Ice            98%        1d11      1%          3
g - Storm Form            Tmut/Air       28%        N/A       43%         7

Your spell library contained the following spells:

 Spells                   Type           Power      Damage    Failure   Level
 Beastly Appendage        Tmut           100%       N/A       1%          1
 Freeze                   Ice            100%       1d11      1%          1
 Magic Dart               Conj           96%        1d7       1%          1
 Wereblood                Tmut           53%        N/A       1%          2
 Ice Form                 Ice/Tmut       51%        N/A       1%          4
 Searing Ray              Conj           48%        2d6       2%          2
 Blade Hands              Tmut           26%        N/A       2%          5
 Ignite Poison            Fire/Tmut/Pois 25%        N/A       4%          3
 Summon Lightning Spire   Summ/Air       38%        N/A       4%          4
 Hailstorm                Conj/Ice       37%        3d9       5%          4
 Animate Skeleton         Necr           18%        N/A       7%          1
 Pain                     Necr           36%        1d5       7%          1
 Summon Small Mammal      Summ           36%        N/A       7%          1
 Petrify                  Tmut/Erth      32%        N/A       8%          4
 Call Imp                 Summ           9%         N/A       10%         2
 Sublimation of Blood     Necr           9%         N/A       10%         2
 Conjure Flame            Conj/Fire      17%        6-21      10%         3
 Portal Projectile        Hex/Tloc       32%        N/A       11%         3
 Irradiate                Conj/Tmut      20%        3d20      11%         5
 Summon Guardian Golem    Hex/Summ       9%         N/A       21%         3
 Tukima's Dance           Hex            9%         N/A       21%         3
 Alistair's Intoxication  Tmut/Pois      21%        N/A       22%         5
 Yara's Violent Unravell  Hex/Tmut       16%        3d8       22%         5
 Flame Wave               Conj/Fire      17%        2d6       32%         4
 Fulminant Prism          Conj/Hex       8%         3d7       32%         4
 Sticky Flame             Conj/Fire      17%        2d4       32%         4
 Dragon Form              Tmut           26%        N/A       63%         7
 Statue Form              Tmut/Erth      21%        N/A       77%         6
 Agony                    Necr           9%         N/A       88%         5
 Excruciating Wounds      Necr           4%         N/A       88%         5
 Summon Mana Viper        Hex/Summ       9%         N/A       88%         5
 Starburst                Conj/Fire      8%         6d4       99%         6
 Haunt                    Necr/Summ      4%         N/A       100%        7
 Spellforged Servitor     Conj/Summ      8%         N/A       100%        7
 Ignition                 Fire           4%         3d4       100%        8


Dungeon Overview and Level Annotations

Branches:
Dungeon (13/15)            Temple (1/1) D:4            Lair (6/6) D:8
  Swamp (1/4) Lair:2        Snake (4/4) Lair:3        Slime (0/5) Lair:6
    Orc (0/2) D:12         Bailey (visited)         Gauntlet (visited)
 Vaults: D:13-14

Altars:
Ashenzari
Cheibriados
Dithmenos
Elyvilon
Fedhas
Gozag
Hepliaklqana
Kikubaaqudgha
Makhleb
Nemelex Xobeh
Okawaru
Qazlal
Ru
Sif Muna
Trog
Uskayaw
Vehumet
Wu Jian
Xom
Yredelemnul
Zin
The Shining One

Shops:
D:1 *   D:4 (   D:9 [   Snake:1 !*   Snake:2 :(

Annotations:
D:3 1 runed translucent door, GilGalad's ghost, amateur DDFi


Innate Abilities, Weirdness & Mutations

Your dull iron-grey scales are very hard. (AC +14)
You are amphibious.
You cannot fit into any form of body armour.
You are cold-blooded and may be slowed by cold attacks.


Message History

* * * LOW HITPOINT WARNING * * *
The wall freezes the shock serpent!
The shock serpent barely misses you.
You puncture the black mamba! You burn the black mamba.
You kill the black mamba!
Sif Muna accepts your kill.
The wall freezes the mana viper.
The mana viper seems to slow down.
The mana viper closely misses you.
The wall freezes the shock serpent!
The shock serpent barely misses you.
The shock serpent's electric aura discharges, shocking you!
You hit the mana viper but do no damage.
The mana viper is almost dead.
The wall freezes the anaconda.
The anaconda seems to slow down.
The wall freezes the anaconda!
The anaconda barely misses you. The anaconda bites you!
* * * LOW HITPOINT WARNING * * *
The wall freezes the mana viper.
The mana viper bites you.
* * * LOW HITPOINT WARNING * * *
You feel your power leaking away.
The wall freezes the shock serpent.
The shock serpent bites you but does no damage.
Unknown command.
You puncture the mana viper! You burn the mana viper.
You kill the mana viper!
Sif Muna accepts your kill.
The wall freezes the anaconda.
The anaconda grabs you. The anaconda bites you.
* * * LOW HITPOINT WARNING * * *
The anaconda constricts you.
The wall freezes the shock serpent.
The shock serpent seems to slow down.
The shock serpent bites you!
* * * LOW HITPOINT WARNING * * *
The shock serpent shocks you!
* * * LOW HITPOINT WARNING * * *
Blink to where?
Press: ? - help, Dir - move target Your frozen ramparts will break if you move.
Continue?
You escape the anaconda's grasp.
The frozen ramparts melt away as you move.
As you read the scroll of blinking, it crumbles to dust.
The shock serpent shoots out a bolt of lightning at you!
The bolt of electricity hits you!!
You die...

#####....##≈≈§§§####.####....###.
....###...##≈§≈§.##.)##..........
......##...##§§≈..#..............
≈≈≈≈≈..##...#≈≈≈..#..........##..
≈§≈≈≈...#.[[#####'#..........####
≈≈≈≈§≈≈.##'#...##.).........[##
≈≈≈≈§≈≈..##[....##.........##[###
≈≈≈≈§§§≈S#S......#.........###)..
≈≈≈≈≈§≈≈.§......@#.......#[###...
≈§§≈§≈≈≈.#†.)....#..#...###.##...
§§§§≈§≈≈§##...[.##..##### ##.....
≈§§§§≈≈§.###...##...### #.....
≈≈≈§≈≈≈.## #####......### ##....
≈≈≈§≈≈..# #...........# #....
≈≈≈≈≈..## ##..........# ##...
S.)...## ##.....)..## ##..
....### ###......# ###


You could see a shock serpent (slow).

Vanquished Creatures
  2 nagarajas (Snake:4)
  A minotaur (Gauntlet)
  Snorg (D:12)
  Josephine (Lair:5)
  5 salamander tyrants
  9 hydras
  Erica (Lair:2)
  7 naga warriors
  11 anacondas
  3 two-headed ogres
  A death yak (D:7)
  Urug (D:12)
  13 naga sharpshooters
  12 shock serpents
  Sonja (Lair:3)
  2 goliath frogs (Lair:6)
  2 salamander mystics
  8 naga ritualists
  2 bog bodies (Lair:2)
  4 lindwurms
  10 mana vipers
  3 orc knights (Bailey)
  An ugly thing (D:12)
  3 cyclopes
  17 elephants
  21 salamanders
  Maurice (D:12)
  44 black mambas
  5 guardian serpents
  9 naga magi
  2 torpor snails (Lair:5)
  29 cane toads
  A minotaur zombie (Gauntlet)
  3 gargoyles
  A freezing wraith (D:13)
  3 rime drakes
  16 komodo dragons
  2 polar bears
  3 trolls
  3 tyrant leeches (Lair:6)
  Grinder (D:6)
  A hornet (D:10)
  8 slime creatures
  8 dream sheep
  21 blink frogs
  3 wyverns
  4 wraiths
  37 yaks
  A shadow (D:10)
  6 basilisks
  7 vampire mosquitoes
  An acid dragon (D:11)
  26 nagas
  9 orc warriors
  A sky beast (D:6)
  22 water moccasins
  A hornet zombie (D:7)
  An ice beast (D:7)
  2 ogres (D:4)
  23 wolves
  3 centaurs
  A phantom (D:5)
  3 kobold brigands
  16 bullfrogs
  A wyvern zombie (D:8)
  4 scorpions
  14 killer bees
  4 wights (D:7)
  2 howler monkeys
  An electric eel (Snake:1)
  A bullfrog zombie (D:6)
  5 hounds
  4 jellies (Lair:6)
  A bullfrog skeleton (D:5)
  A centaur zombie (D:8)
  3 orc priests
  A centaur skeleton (D:7)
  An iguana (D:5)
  Ijyb (D:2)
  8 orc wizards
  A hound skeleton (D:4)
  2 howler monkey zombies
  3 gnolls
  8 adders
  A river rat (D:8)
  A shadow imp (D:5)
  2 ufetubi (D:5)
  3 adder skeletons (D:4)
  2 worms
  4 dart slugs
  48 orcs
  8 bats
  10 endoplasms
  7 giant cockroaches
  4 hobgoblins
  7 jackals
  18 kobolds
  3 quokkas
  4 ball pythons
  3 frilled lizards
  12 goblins
  4 rats
677 creatures vanquished.

Vanquished Creatures (others)
  A rime drake (Gauntlet)
  3 bushes
  44 fungi
  99 plants
147 creatures vanquished.

Grand Total: 824 creatures vanquished

Notes
Turn   | Place    | Note
-------+----------+-------------------------------------------
     0 | D:1      | pkoi the Draconian Air Elementalist began the quest for the
                  | Orb.
     0 | D:1      | Reached XP level 1. HP: 14/14 MP: 3/3
   407 | D:1      | Reached XP level 2. HP: 20/20 MP: 3/5
  1016 | D:1      | Found Vuxolara's General Store.
  1209 | D:1      | Found a faded altar of an unknown god.
  1533 | D:2      | Reached XP level 3. HP: 26/26 MP: 2/6
  2390 | D:2      | Learned a level 3 spell: Swiftness
  2566 | D:2      | Reached XP level 4. HP: 22/33 MP: 2/7
  2743 | D:2      | Reached skill level 1 in Evocations
  3839 | D:2      | Learned a level 4 spell: Airstrike
  4062 | D:3      | Reached XP level 5. HP: 26/38 MP: 3/9
  4163 | D:3      | Noticed Ijyb
  4165 | D:3      | Learned a level 1 spell: Apportation
  4194 | D:2      | Killed Ijyb
  4921 | D:3      | Found a runed translucent door.
  4922 | D:3      | Noticed GilGalad's ghost (amateur DDFi)
  4959 | D:3      | You fall into a shaft and drop 1 floor!
  4959 | D:4      | Found Zofadann's Antique Weapon Shop.
  5176 | D:1      | Bought the +0 cloak "Ihash" {Rampage Drain +Inv Regen+} for
                  | 154 gold pieces
  5394 | D:4      | Noticed an ogre
  5405 | D:4      | Killed an ogre
  5406 | D:4      | Reached skill level 1 in Translocations
  5406 | D:4      | Reached XP level 6. HP: 45/45 MP: 4/10
  5497 | D:4      | Found a staircase to the Ecumenical Temple.
  5514 | Temple   | Entered the Ecumenical Temple
  5567 | Temple   | Became a worshipper of Sif Muna the Loreminder
  5664 | D:4      | Learned a level 2 spell: Static Discharge
  5761 | D:4      | Reached skill level 1 in Invocations
  6470 | D:4      | Identified the +3 ring mail "Saots" {rElec Str+3 SInv
                  | Stlth+}
  6539 | D:4      | Reached skill level 5 in Air Magic
  6610 | D:4      | Found an iron altar of Okawaru.
  6636 | D:4      | Reached * piety under Sif Muna
  6692 | D:4      | Your scales start taking on a dull iron-grey colour.
  6692 | D:4      | Reached XP level 7. HP: 50/50 MP: 8/11
  6770 | D:4      | Found a sparkling altar of Nemelex Xobeh.
  6953 | D:5      | Entered Level 5 of the Dungeon
  7075 | D:5      | Found an ornate altar of the Wu Jian Council.
  7201 | D:5      | Found a bloodstained altar of Trog.
  7410 | D:5      | Reached skill level 1 in Fighting
  7410 | D:5      | Reached skill level 1 in Staves
  7495 | D:5      | Noticed a wraith
  7506 | D:5      | Killed a wraith
  7640 | D:5      | Reached XP level 8. HP: 61/61 MP: 6/12
  8347 | D:5      | Identified the +11 dagger of Gonaor {flame, rPois MP+9
                  | Dex+4 SInv}
  8527 | D:6      | Found an ancient bone altar of Kikubaaqudgha.
  8986 | D:6      | Noticed Grinder
  9017 | D:6      | Killed Grinder
  9486 | D:7      | Reached XP level 9. HP: 71/71 MP: 15/15
  9716 | D:7      | Found an opulent altar of Gozag.
  9995 | D:8      | Reached ** piety under Sif Muna
 10031 | D:8      | Noticed a death yak
 10032 | D:8      | Noticed a death yak
 10055 | D:8      | Noticed a death yak
 10086 | D:7      | Killed a death yak
 10087 | D:7      | Reached skill level 5 in Air Magic
 10087 | D:7      | Reached skill level 5 in Invocations
 10087 | D:7      | Reached skill level 5 in Evocations
 10620 | D:7      | Identified 2 scrolls of acquirement
 10620 | D:7      | Acquired 993 gold pieces
 10628 | D:6      | Acquired the +3 pair of gauntlets of War {Slay+5}
 10628 | D:6      | Found the +3 pair of gauntlets of War {Slay+5}
 10822 | D:8      | Reached skill level 1 in Unarmed Combat
 10829 | D:8      | Reached skill level 5 in Spellcasting
 10885 | D:8      | Learned a level 3 spell: Frozen Ramparts
 10913 | D:8      | Noticed a cyclops
 10924 | D:8      | Killed a cyclops
 10925 | D:8      | Reached skill level 5 in Fighting
 10925 | D:8      | Reached skill level 1 in Ice Magic
 10994 | D:8      | Reached skill level 5 in Dodging
 10996 | D:8      | Reached XP level 10. HP: 61/81 MP: 13/17
 11192 | D:8      | Found a staircase to the Lair.
 11720 | D:9      | Found a shadowy altar of Dithmenos.
 11725 | D:9      | Found a sacrificial altar of Ru.
 11725 | D:9      | Found a radiant altar of Vehumet.
 11738 | D:9      | Found a glowing golden altar of the Shining One.
 11743 | D:9      | Found a blossoming altar of Fedhas.
 11886 | D:9      | Found Ralaneg's Armour Boutique.
 12568 | D:9      | Found the +7 Kryia's mail coat {PotionHeal*2 rC+}
 12859 | D:10     | Entered Level 10 of the Dungeon
 12893 | D:10     | Found a white marble altar of Elyvilon.
 13115 | D:10     | Found a flagged portal.
 13119 | D:10     | Reached *** piety under Sif Muna
 13123 | Bailey   | Entered a bailey
 13545 | Bailey   | Noticed an orc knight
 13545 | Bailey   | Noticed an orc knight
 13545 | Bailey   | Noticed an orc knight
 13667 | Bailey   | Reached XP level 11. HP: 86/86 MP: 11/18
 13674 | Bailey   | Killed an orc knight
 13849 | Bailey   | Killed an orc knight
 13850 | Bailey   | Reached skill level 10 in Air Magic
 14088 | Bailey   | Identified the +2 kite shield of Zust {rPois}
 14099 | Bailey   | Killed an orc knight
 14100 | Bailey   | Reached skill level 5 in Unarmed Combat
 15026 | D:11     | Acquired 1263 gold pieces
 15070 | D:11     | Reached skill level 5 in Ice Magic
 15439 | D:11     | Noticed a two-headed ogre
 15459 | D:11     | Reached XP level 12. HP: 89/94 MP: 19/19
 15461 | D:11     | Killed a two-headed ogre
 16588 | D:12     | Noticed a seven-headed hydra
 16601 | D:12     | Killed a seven-headed hydra
 16603 | D:12     | Noticed Urug
 16787 | D:12     | Killed Urug
 17096 | D:12     | Found a staircase to the Orcish Mines.
 17096 | D:12     | Noticed Maurice
 17101 | D:12     | Killed Maurice
 18077 | D:12     | Noticed a two-headed ogre
 18084 | D:12     | Killed a two-headed ogre
 18435 | D:12     | Acquired the amulet "Obruac" {RegenMP Fly Will+ Dex-5}
 18449 | D:12     | Noticed a two-headed ogre
 18454 | D:12     | Killed a two-headed ogre
 18553 | D:12     | Noticed Snorg
 18566 | D:12     | Killed Snorg
 19368 | Lair:1   | Entered Level 1 of the Lair of Beasts
 19386 | Lair:1   | Reached **** piety under Sif Muna
 19551 | Lair:1   | Noticed a seven-headed hydra
 19564 | Lair:1   | Killed a seven-headed hydra
 19647 | Lair:1   | Reached XP level 13. HP: 104/104 MP: 11/22
 19784 | Lair:1   | Found a gate leading to a gauntlet.
 19797 | Gauntlet | Entered a Gauntlet
 19797 | Gauntlet | Found a transporter.
 19818 | Gauntlet | Found a transporter.
 19822 | Gauntlet | Found a transporter.
 19830 | Gauntlet | Found a transporter.
 19834 | Gauntlet | Found a transporter.
 19840 | Gauntlet | Found a runed translucent gate.
 19840 | Gauntlet | Found a runed translucent gate.
 19840 | Gauntlet | Found a runed translucent gate.
 19842 | Gauntlet | Found a transporter.
 19846 | Gauntlet | Found a transporter.
 19850 | Gauntlet | Found a runed translucent door.
 19852 | Gauntlet | Found a runed translucent door.
 19852 | Gauntlet | Found the +0 pair of fencer's gloves {Riposte Dex+3}
 19854 | Gauntlet | Found a transporter.
 19858 | Gauntlet | Found a transporter.
 19862 | Gauntlet | Noticed an ettin
 19862 | Gauntlet | a tyrant leech changed into an ettin
 19865 | Gauntlet | Noticed a cacodemon
 19866 | Gauntlet | Found a transporter.
 19897 | Gauntlet | Found a transporter.
 19909 | Gauntlet | Found a transporter.
 19922 | Gauntlet | Found a transporter.
 19935 | Gauntlet | Found a transporter.
 20069 | Gauntlet | Identified the +2 scale mail "Viocilurch" {Harm rF+ Str+5}
 20069 | Gauntlet | Noticed a minotaur
 20076 | Gauntlet | Killed a minotaur
 20081 | Gauntlet | Identified the +2 robe of Untruth {Dex+3}
 21526 | Lair:2   | Noticed Erica
 21531 | Lair:2   | Killed Erica
 21768 | Lair:2   | Found a staircase to the Swamp.
 21897 | Lair:3   | Found a staircase to the Snake Pit.
 22170 | Lair:3   | Reached ***** piety under Sif Muna
 22398 | Lair:3   | Noticed Sonja
 22400 | Lair:3   | Killed Sonja
 22615 | Lair:3   | Received a gift from Sif Muna
 22616 | Lair:3   | Got Sif Muna's Volume of Transformation and Fire {god gift}
 22625 | Lair:3   | Learned a level 7 spell: Storm Form
 22911 | Lair:3   | Reached XP level 14. HP: 116/116 MP: 25/25
 23181 | Lair:4   | Acquired the +9 staff of Wucad Mu {*channel}
 23181 | Lair:4   | Found the +9 staff of Wucad Mu {*channel}
 23534 | Lair:4   | Reached skill level 1 in Transmutations
 24582 | Lair:5   | Identified the +4 quarterstaff of Fiyhue Zimo {vorpal,
                  | *Slow rF+++ rCorr Str-4}
 25341 | Lair:6   | Entered Level 6 of the Lair of Beasts
 26192 | Lair:6   | Found a staircase to the Slime Pits.
 26548 | Lair:6   | Reached skill level 10 in Unarmed Combat
 26970 | Lair:6   | Received a gift from Sif Muna
 26971 | Lair:6   | Got Quroc's Tome of Calling {god gift}
 27050 | Lair:6   | Noticed Josephine
 27106 | Lair:5   | Killed Josephine
 27436 | Lair:6   | Reached XP level 15. HP: 120/121 MP: 28/28
 27821 | Swamp:1  | Entered Level 1 of the Swamp
 27839 | Snake:1  | Entered Level 1 of the Snake Pit
 28168 | Snake:1  | Found Wyalas's Distillery.
 28349 | Snake:1  | Reached skill level 5 in Transmutations
 28742 | Snake:1  | Found Vismuk's General Store.
 31413 | Snake:2  | Found Deoshrig's Book Shoppe.
 31419 | Snake:2  | Found Ynafian's Antique Weapon Shoppe.
 31422 | Snake:2  | Bought a manual of Dodging for 1120 gold pieces
 32936 | Snake:3  | Received a gift from Sif Muna
 32937 | Snake:3  | Got Sif Muna's Tome of Captivating Moulding {god gift}
 33409 | Snake:3  | Reached XP level 16. HP: 127/132 MP: 29/29
 34481 | Snake:4  | Entered Level 4 of the Snake Pit
 37788 | Snake:4  | Reached skill level 10 in Transmutations
 38653 | Snake:4  | HP: 5/132 [shock serpent (14)]
 38654 | Snake:4  | Killed from afar by a shock serpent

Illustrated notes

Levels and vault maps discovered:
D:1:      enne_arrival_octagon_isle, layout_basic,
          chequers_ecumenical_altar_island, serial_shops, shop
D:2:      layout_basic, minmay_between
D:3:      layout_rooms, ebering_ghost_reflecting_pool, uniq_ijyb
D:4:      layout_cave_pools, okawaru_altar_gauntlet_db,
          mainiacjoe_overflow_paths, minmay_temple_entry_hall, serial_shops,
          nicolae_shop_crystal
D:5:      layout_basic, general_overflow_altar, trog_butcher_becter,
          minmay_manual_macuahuitl
D:6:      layout_basic, mainiacjoe_overflow_small_starburst, uniq_grinder
D:7:      layout_rooms, mainiacjoe_overflow_brackets
D:8:      layout_loops_ring, dpeg_lair_monsters
D:9:      layout_basic, minmay_overflow_temple_star_hex, serial_shops, shop,
          interstate_on_off
D:10:     layout_stronghold, mainiacjoe_overflow_cross_hatched, enter_bailey_3,
          serial_column_ruins, column_ruins_courtyard_long, column_ruins_hut,
          column_ruins_open_tiny, column_ruins_open_small_water,
          column_ruins_open_small, column_ruins_corridor_straight,
          column_ruins_open_tiny
D:11:     layout_basic
D:12:     layout_long_grid, orc_david_3, uniq_maurice, uniq_snorg, uniq_urug
D:13:     layout_layer_cave, grunt_vaults_entry_tiered,
          portal_ice_cave_entry_ice_simulacra, uniq_nessos
Temple:   eino_wide_crystal_templ
Lair:1:   layout_cave_pods, gauntlet_entry_generic, minmay_holes,
          serial_bayou_shore_b, grunt_megastairs_1
Lair:2:   layout_roguey, skrybe_swamp_entry_bodies, uniq_erica
Lair:3:   layout_loops_ring, minmay_snake_entry_spellcaster, uniq_sonja
Lair:4:   layout_cave_pods, serial_bayou_shore_b
Lair:5:   layout_gridlike, grunt_forest_small_clearing_treed,
          lemuel_fruit_fields
Lair:6:   minmay_lair_end_frog_pond, layout_long_grid,
          minmay_slime_entry_pillars, uniq_josephine
Swamp:1:  layout_basic_swamp, evilmike_swamp_ruin_house_4
Snake:1:  layout_chambers, serial_shops, nicolae_shop_statue_plus,
          nicolae_wooded_promenade, corexii_hall_statues_u
Snake:2:  layout_chambers, minmay_shop_star
Snake:3:  layout_honeycomb, grunt_ministairs_12, lemuel_fruit_tree
Snake:4:  snake_pit_salamanders_mu, layout_chambers, special_room

Skill      XL: |  1  2  3  4  5  6  7  8  9 10 11 12 13 14 15 16 |
---------------+-------------------------------------------------+-----
Air Magic      | 4 4 5 9 10 12 13 | 13.0
Evocations     | 1 2 3 4 5 6 |  6.8
Conjurations   | 2 3 |  3.3
Spellcasting   | 3 4 5 6 7 9 |  9.0
Translocations | 1 2 3 |  3.0
Invocations    | 1 2 4 6 7 8 9 |  9.0
Dodging        | 2 3 5 6 7 9 |  9.0
Fighting       | 1 3 5 6 8 9 |  9.3
Staves         | 2 |  2.3
Unarmed Combat | 2 4 5 7 9 10 12 13 | 13.5
Ice Magic      | 2 3 5 7 9 |  9.0
Transmutations | 4 8 10 | 10.3
Stealth        | |  1.7

Action                   |  1- 3 |  4- 6 |  7- 9 | 10-12 | 13-15 | 16-18 || total
-------------------------+-------+-------+-------+-------+-------+-------++-------
Melee: Unarmed           |     7 |       |       |       |       |       ||     7
       Staff             |    22 |    22 |    66 |       |       |       ||   110
       Tailslap          |       |     4 |    21 |    28 |    80 |    26 ||   159
       Punch             |       |       |     3 |     1 |    31 |    10 ||    45
       Dagger            |       |       |    91 |   127 |   381 |   145 ||   744
 Cast: Shock             |    67 |   150 |   166 |    89 |       |       ||   472
       Airstrike         |       |       |       |   190 |   549 |   162 ||   901
       Frozen Ramparts   |       |       |       |    11 |    90 |    34 ||   135
       Swiftness         |       |       |       |     1 |       |       ||     1
  Use: Scroll            |       |       |    20 |     7 |    10 |     1 ||    38
       Potion            |       |       |     2 |     1 |     2 |       ||     5
 Stab: Sleeping          |       |       |     5 |     1 |       |       ||     6
       Distracted        |       |       |       |       |     1 |       ||     1
Armor: Skin              |    14 |     9 |    85 |    65 |   221 |    83 ||   477
Dodge: Dodged            |    28 |    27 |   119 |   213 |   497 |   144 ||  1028
Block: Other             |       |       |    24 |    34 |       |       ||    58
       Reflection        |       |       |       |     3 |       |       ||     3
